 Dungeon Crawl Stone Soup version 0.21.1-1-g345015f (webtiles) character file.

1832 DrClinical the Cudgeler (level 9, -2/79 HPs)
             Began as a Hill Orc Berserker on Mar 11, 2018.
             Was an Elder of Trog.
             Slain by Duvessa
             ... wielding a +0 rapier
              (16 damage)
             ... on level 6 of the Dungeon.
             The game lasted 00:18:37 (4442 turns).

DrClinical the Cudgeler (Hill Orc Berserker)        Turns: 4442, Time: 00:18:37

Health: -2/79      AC: 11    Str: 20    XL:     9   Next: 11%
Magic:  9/9        EV:  8    Int:  5    God:    Trog [****..]
Gold:   215        SH:  4    Dex: 17    Spells: 8/8 levels left

rFire    . . .     SeeInvis .   q - +4 whip (distort)
rCold    . . .     Gourm    .   H - +0 buckler
rNeg     . . .     Faith    .   x - +0 chain mail
rPois    .         Spirit   .   i - +0 helmet
rElec    +         Reflect  .   (no cloak)
rCorr    .         Harm     .   (no gloves)
MR       .....                  (no boots)
Stlth    ..........             (no amulet)
HPRegen  0.23/turn              (no ring)
MPRegen  0.11/turn              (no ring)

@: no status effects
A: thin skeletal structure 1, agile 1, dopey 1, electricity resistance
a: Berserk, Trog's Hand, Brothers in Arms, Burn Spellbooks, Renounce Religion


You were on level 6 of the Dungeon.
You worshipped Trog.
Trog was greatly pleased with you.
You were not hungry.

You visited 1 branch of the dungeon, and saw 6 of its levels.

You collected 215 gold pieces.

Inventory:

Hand Weapons
 a - a +0 blowgun
 q - a +4 whip of distortion (weapon)
 w - a +2 scythe of freezing
Missiles
 j - 66 poisoned needles
 k - 26 bolts
 n - 16 sling bullets
 z - 5 steel javelins
 F - 3 throwing nets (quivered)
Armour
 i - a +0 helmet (worn)
 x - a +0 chain mail (worn)
 H - a +0 buckler (worn)
Jewellery
 f - an uncursed amulet of harm {unknown}
 m - an uncursed ring of wizardry {unknown}
 s - an uncursed ring of flight {unknown}
 D - a cursed -3 ring of strength {unknown}
 G - an uncursed ring of protection from cold {unknown}
Wands
 b - a wand of iceblast (8)
 y - a wand of polymorph (31)
 J - a wand of disintegration (18)
 K - a wand of random effects (20)
Scrolls
 g - a scroll of amnesia {unknown}
 o - a scroll of random uselessness {unknown}
 p - 2 scrolls of remove curse {unknown}
 r - a scroll of enchant armour {unknown}
 A - a scroll of enchant weapon {unknown}
 B - 3 scrolls of magic mapping {unknown}
Potions
 d - 2 potions of heal wounds {unknown}
 e - 2 potions of brilliance {unknown}
 l - 2 potions of lignification {unknown}
 t - a potion of invisibility
 u - a potion of agility
 v - 2 potions of curing {unknown}
 C - a potion of magic {unknown}
 E - a potion of degeneration {unknown}
 I - a potion of might
Comestibles
 c - 9 rations
 h - 5 chunks of flesh


   Skills:
 + Level 7.3 Fighting
   Level 6.1(8.6) Axes
 + Level 7.8(8.5) Maces & Flails
 + Level 0.4 Throwing
 + Level 6.7 Armour
 - Level 2.0 Dodging
 + Level 1.1 Shields


You had 8 spell levels left.
You didn't know any spells.

Dungeon Overview and Level Annotations

Branches:
Dungeon (6/15)
 Temple: D:4-7

Altars:
Ashenzari
Cheibriados
Elyvilon
Fedhas
Gozag
Nemelex Xobeh
Ru
Sif Muna
Zin
The Shining One

Annotations:
D:6 Duvessa


Innate Abilities, Weirdness & Mutations

You have a somewhat thin skeletal structure. (Dex +2, Stealth)
You are agile. (Dex +2)
You are dopey. (Int -2)
You are resistant to electric shocks. (rElec)


Message History

The orc warrior shouts!
You see here a hound skeleton. 2 orc priests come into view.
Duvessa goes berserk!
The orc priest shouts! x2
Duvessa rages.
An orc comes into view. It is wielding a dire flail.
The orc shouts!
You see here a sapphire potion.
You hit Duvessa.
Duvessa is heavily wounded.
Duvessa blinks!
You feel sick.
You are no longer poisoned.
The orc priest mumbles some strange prayers to Beogh against you.
Beogh smites you! Duvessa hits you with a rapier!
* * * LOW HITPOINT WARNING * * *
Duvessa barely misses you. Duvessa hits you with a rapier!
You die...

#.. #.......#.# #..
#.....#...##
#...##....)# ...#
..#........# #..
###......# #.# ##.
##.#.).###.##.....
...##.÷.!§..oo#
#.#####.eo##(.......
........@.###....o.##
.....####..# #.#....#
. ##.# #.#....# #..
#.#...... ###$..#
....# #..# ##..# ..
.#


You could see Duvessa (berserk) and an orc warrior.

Vanquished Creatures
  A cyclops (D:6)
  Grinder (D:3)
  Sigmund (D:4)
  An ogre (D:4)
  A big kobold (D:5)
  Dowan (D:6)
  2 scorpions
  A centaur zombie (D:5)
  A quasit (D:6)
  A crimson imp (D:5)
  4 hounds
  An orc wizard (D:4)
  An orc priest (D:3)
  Jessica (D:3)
  3 worker ants
  Robin (D:3)
  7 adders
  12 gnolls
  A shadow imp (D:5)
  A worm (D:2)
  4 dart slugs
  3 leopard geckos
  15 orcs
  4 giant cockroaches
  15 goblins
  12 hobgoblins
  8 jackals
  15 kobolds
  3 quokkas
  2 ball pythons (D:1)
  9 bats
  6 frilled lizards
  A giant cockroach zombie (D:6)
  A jackal skeleton (D:6)
  A quokka skeleton (D:5)
  9 rats
151 creatures vanquished.

Vanquished Creatures (others)
  A crimson imp (D:5)
  A jelly (D:5)
  A worker ant (D:5)
  A gnoll (D:4)
  An adder (D:3)
  An ooze (D:5)
  A jackal skeleton (D:5)
7 creatures vanquished.

Grand Total: 158 creatures vanquished

Notes
Turn   | Place    | Note
-------+----------+-------------------------------------------
     0 | D:1      | DrClinical the Hill Orc Berserker began the quest for the Orb.
     0 | D:1      | Reached XP level 1. HP: 19/19 MP: 1/1
    60 | D:1      | Reached XP level 2. HP: 15/27 MP: 2/2
   658 | D:1      | Reached XP level 3. HP: 33/33 MP: 3/3
  1182 | D:2      | Reached ** piety under Trog
  1218 | D:2      | Reached skill level 5 in Axes
  1218 | D:2      | Reached XP level 4. HP: 35/41 MP: 4/4
  1329 | D:2      | Found a sparkling altar of Nemelex Xobeh.
  1329 | D:2      | Found an opulent altar of Gozag.
  1599 | D:2      | Found a white marble altar of Elyvilon.
  1599 | D:2      | Found a glowing silver altar of Zin.
  1600 | D:2      | Found a glowing golden altar of the Shining One.
  2128 | D:3      | Reached skill level 1 in Maces & Flails
  2160 | D:3      | Found a shattered altar of Ashenzari.
  2162 | D:3      | Noticed Grinder
  2164 | D:3      | Paralysed by Grinder for 7 turns
  2176 | D:3      | Reached XP level 5. HP: 17/47 MP: 5/5
  2176 | D:3      | Paralysed by Grinder for 3 turns
  2195 | D:3      | Killed Grinder
  2195 | D:3      | Reached skill level 5 in Fighting
  2195 | D:3      | Reached XP level 6. HP: 15/56 MP: 6/6
  2336 | D:3      | Noticed Jessica
  2341 | D:3      | Killed Jessica
  2426 | D:3      | Reached XP level 7. HP: 43/61 MP: 7/7
  2639 | D:3      | Reached *** piety under Trog
  2643 | D:3      | Noticed Robin
  2657 | D:3      | Killed Robin
  2899 | D:4      | Noticed Sigmund
  2910 | D:4      | Killed Sigmund
  3086 | D:4      | Reached skill level 5 in Armour
  3114 | D:4      | Found a sacrificial altar of Ru.
  3323 | D:4      | Reached skill level 5 in Maces & Flails
  3432 | D:4      | Reached XP level 8. HP: 70/70 MP: 8/8
  3547 | D:5      | Entered Level 5 of the Dungeon
  3603 | D:5      | Gained mutation: You are dopey. (Int -2) [potion of mutation]
  3603 | D:5      | Gained mutation: You have a somewhat thin skeletal structure. (Dex +2, Stealth) [potion of mutation]
  3603 | D:5      | Gained mutation: You are resistant to electric shocks. (rElec) [potion of mutation]
  3603 | D:5      | Gained mutation: You are agile. (Dex +2) [potion of mutation]
  3657 | D:5      | Reached **** piety under Trog
  3758 | D:5      | Found a deep blue altar of Sif Muna.
  3836 | D:5      | Found a snail-covered altar of Cheibriados.
  4217 | D:5      | Found a blossoming altar of Fedhas.
  4351 | D:6      | Noticed a cyclops
  4362 | D:6      | Killed a cyclops
  4362 | D:6      | Reached XP level 9. HP: 79/79 MP: 9/9
  4364 | D:6      | Reached skill level 1 in Shields
  4384 | D:6      | Noticed Duvessa
  4386 | D:6      | Noticed Dowan
  4410 | D:6      | Killed Dowan
  4410 | D:6      | Received a gift from Trog
  4442 | D:6      | Slain by Duvessa

Skill      XL: |  1  2  3  4  5  6  7  8  9 |
---------------+----------------------------+-----
Fighting       | 4 5 6 7 |  7.3
Axes           | 5 6 |  6.1
Dodging        | 2 |  2.0
Maces & Flails | 1 2 3 5 7 |  7.8
Armour         | 4 5 6 |  6.7
Shields        | 1 |  1.1
Throwing       | |  0.4

Action                   |  1- 3 |  4- 6 |  7- 9 || total
-------------------------+-------+-------+-------++-------
Melee: Hand axe          |   117 |       |       ||   117
       Whip              |    16 |    91 |   232 ||   339
Throw: Throwing net      |       |       |     3 ||     3
Invok: Trog's Hand       |       |     1 |       ||     1
  Use: Scroll            |       |       |     4 ||     4
       Potion            |       |       |     1 ||     1
 Stab: Held in net/web   |       |       |     1 ||     1
  Eat: Chunk             |     1 |     2 |     6 ||     9
       Ration            |       |     1 |       ||     1
Armor: Animal skin       |     5 |       |       ||     5
       Scale mail        |    39 |    18 |       ||    57
       Ring mail         |     5 |       |       ||     5
       Chain mail        |       |    24 |   136 ||   160
Dodge: Dodged            |    82 |    45 |    88 ||   215
Block: Buckler           |       |       |    20 ||    20
